 Dungeon Crawl Stone Soup version 0.25.0-1-g7eea58d2a3 (webtiles) character file.

Game seed: 3454721241190803212

(classic levelgen) 134 EnegeticOcto the Insei (level 5, -1/33 HPs)
             Began as an Octopode Transmuter on June 14, 2020.
             Slain by an orc priest
             ... wielding a +0 club
              (3 damage)
             ... on level 3 of the Dungeon.
             The game lasted 00:06:35 (2878 turns).

EnegeticOcto the Insei (Octopode Transmuter)        Turns: 2878, Time: 00:06:36

Health: -1/33      AC:  1    Str:  9    XL:     5   Next: 17%
Magic:  0/8        EV: 13    Int: 17    God:
Gold:   92         SH:  4    Dex: 12    Spells: 2/8 levels left

rFire    . . .     SeeInvis .     - Unarmed
rCold    . . .     Gourm    .   k - +0 buckler
rNeg     . . .     Faith    .   (helmet restricted)
rPois    .         Spirit   .   (no amulet)
rElec    .         Reflect  .   (no ring)
rCorr    .         Harm     .   (no ring)
MR       .....                  (no ring)
Stlth    +++.......             (no ring)
HPRegen  0.11/turn              (no ring)
MPRegen  0.11/turn              (no ring)
                                (no ring)
                                (no ring)

@: brilliant, very slightly contaminated
A: almost no armour, stealthy swim, amphibious, 8 rings, constrict 8, camouflage
1, gelatinous body 1
a: no special abilities


You were on level 3 of the Dungeon.
You were hungry.

You visited 1 branch of the dungeon, and saw 3 of its levels.

You collected 92 gold pieces.

Inventory:

Missiles
 a - 46 arrows
 b - 175 stones (quivered)
 o - 18 poisoned darts
Armour
 k - a +0 buckler (worn)
Jewellery
 j - a cursed ring of attention {unknown}
Scrolls
 c - a scroll of fog {unknown}
 h - a scroll of amnesia {unknown}
 p - a scroll of teleportation {unknown}
Potions
 g - a potion of brilliance
 i - a potion of degeneration {unknown}
 q - a potion of cancellation {unknown}
Comestibles
 e - 2 rations
 m - a chunk of flesh


   Skills:
 - Level 1.0 Fighting
 - Level 2.0 Dodging
 + Level 3.6 Stealth
 + Level 1.5 Shields
 + Level 4.0 Unarmed Combat
 - Level 2.0 Spellcasting
 + Level 2.9 Transmutations


You had 2 spell levels left.
You knew the following spells:

 Your Spells              Type           Power        Failure   Level  Hunger
a - Beastly Appendage     Tmut           ###...       9%          1    None
b - Spider Form           Tmut/Pois      #.........   41%         3    None
j - Sticks to Snakes      Tmut           ###.....     12%         2    None

Your spell library contained the following spells:

 Spells                   Type           Power        Failure   Level  Hunger
 Ice Form                 Ice/Tmut       #.......     82%         4    None
 Blade Hands              Tmut           ###.......   92%         5    None


Dungeon Overview and Level Annotations

Branches:
Dungeon (3/15)

Altars:
Fedhas
Uskayaw
Zin

Annotations:
D:2 Sigmund
D:3 exclusion: phantom


Innate Abilities, Weirdness & Mutations

You cannot wear most types of armour.
You are very stealthy in the water. (Stealth+)
You are amphibious.
You can wear up to eight rings at the same time.
You can use your tentacles to constrict eight enemies at once.
Your skin changes colour to match your surroundings (Stealth+).
Your rubbery body absorbs attacks. (AC +1, EV +1)


Message History

What are your orders? t - Shout!
Orders for allies: a - Attack new target. r - Retreat! s - Stop attacking. g - Guard the area. f - Follow me.
Anything else - Cancel.
Gang up on whom?
Press: ? - help, Dir - move target cursor, f - orc priest
Aim: an orc priest, wielding a +0 club Attack!
Your adder bites the orc.
Your ball python bites the orc.
Your ball python barely misses the orc.
The orc closely misses your adder.
The orc hits your ball python with a +0 hand axe.
Your ball python dies!
The orc hits your adder.
Okay, then.
It was a potion of curing.
You feel better.
Your adder bites the orc.
The orc dies!
The orc hits your adder with a +0 hand axe.
Your adder bites the orc.
Casting: Sticks to Snakes (safe; 12% risk of failure)
Confirm with . or Enter, or press ? or * to list all spells.
You create a snake!
You now have 47 arrows.
The orc priest looks encouraged for a moment.
Your adder bites the orc but does no damage.
Casting: Sticks to Snakes (safe; 12% risk of failure)
Confirm with . or Enter, or press ? or * to list all spells.
You create a snake!
You now have 46 arrows.
Your tentacle spike disappears.
Your adder barely misses the orc.
The orc priest mumbles some strange prayers to Beogh against you.
Beogh smites you! The orc closely misses your adder. x2
The orc hits your ball python with a +0 hand axe.
Your ball python dies!
The orc hits your ball python with a +0 hand axe.
Your ball python dies!
Casting: Sticks to Snakes (safe; 12% risk of failure)
Confirm with . or Enter, or press ? or * to list all spells.
You don't have enough magic to cast that spell.
Really quaff
l - 3 potions of curing {@q1 !q}?
You feel better.
A bat comes into view.
Your adder bites the orc but does no damage.
The orc priest misses your adder.
The orc hits your adder but does no damage.
The orc misses your adder.
Your adder bites the orc.
Okay, then.
Okay, then.
Okay, then.
As you read the scroll labeled SUZEOCOVVIR, it crumbles to dust.
You smell something weird.
It was a scroll of random uselessness.
The orc priest barely misses your adder.
Your adder bites the orc.
The orc dies!
As you read the scroll labeled DERUIC NYUZAFF, it crumbles to dust.
You feel blessed for a moment.
It was a scroll of remove curse.
The orc barely misses your adder.
Your adder bites the orc priest.
The bat misses you. The orc priest misses your adder.
An orc priest comes into view.
You tentacle-slap the bat but do no damage.
Your grab misses the bat. The bat closely misses you.
Your adder closely misses the orc priest.
The orc hits your adder with a +0 flail.
Your adder dies!
It was a potion of brilliance.
You feel clever all of a sudden. The bat closely misses you.
The bat misses you.
The orc priest looks braver for a moment.
Okay, then.
Okay, then.
Casting: Sticks to Snakes (safe; 12% risk of failure)
Confirm with . or Enter, or press ? or * to list all spells.
You feel a surge of power!
You miscast Sticks to Snakes.
You are very lightly contaminated with residual magic.
Nothing appears to happen.
The bat closely misses you. x2
You tentacle-slap the orc priest. Your grab misses the orc priest.
The orc priest is moderately wounded.
The orc priest mumbles some strange prayers to Beogh against you.
Beogh smites you! You block the bat's attack. The orc hits you with a +0 flail!
* * * LOW HITPOINT WARNING * * *
Really quaff
l - 2 potions of curing {@q1 !q}?
You feel better. The bat hits you. The orc priest barely misses you.
The orc misses you.
Really quaff
l - a potion of curing {@q1 !q}?
You feel better. The orc priest hits you with a +0 club.
The orc priest looks braver for a moment.
The bat hits you.
You tentacle-slap the orc priest. Your grab misses the orc priest.
Your squeeze misses the orc priest.
The orc priest is heavily wounded.
The bat completely misses you. The orc hits you with a +0 flail.
The orc priest calls upon Beogh to heal the orc priest.
The orc priest is healed somewhat.
The orc priest hits you with a +0 club.
* * * LOW HITPOINT WARNING * * *
As you read the scroll labeled EMESHR KODOA, it crumbles to dust.
The creatures around you are filled with an inner flame!
It was a scroll of immolation.
The orc hits you with a +0 flail.
* * * LOW HITPOINT WARNING * * *
The orc priest hits you with a +0 club.
You die...

#####.....## #......#
#....#.##
#####....#..######
.................#
.................#
.................#
.........).......# #.
...............b@# ...
....#.........ooo# .8.8
###.#..........)g# .....
..#.#...........)####......
#.#....####......†.oog...%.
#.÷..#.# #####.#####....$_
####'#+##### #... ..o!.
#...÷......# #....# K...
#..........# #...... o..


You could see 2 orc priests, an orc (inner flame), a goblin (inner flame) and a
bat (inner flame).

Vanquished Creatures
  A worker ant (D:3)
  A hound zombie (D:3)
  5 adders (D:2)
  A worm (D:2)
  2 dart slugs
  2 leopard geckos
  3 bats (D:2)
  2 giant cockroaches
  3 goblins
  3 hobgoblins
  2 quokkas (D:3)
  2 ball pythons
  3 frilled lizards
  4 kobolds
  5 rats
39 creatures vanquished.

Vanquished Creatures (collateral kills)
  An adder (D:2)
  A worm (D:3)
  2 orcs (D:3)
  A bat (D:3)
  A kobold (D:3)
6 creatures vanquished.

Grand Total: 45 creatures vanquished

Notes
Turn   | Place    | Note
-------+----------+-------------------------------------------
     0 | D:1      | EnegeticOcto the Octopode Transmuter began the quest for
                  | the Orb.
     0 | D:1      | Reached XP level 1. HP: 13/13 MP: 3/3
   142 | D:1      | Reached skill level 1 in Stealth
   291 | D:1      | Reached XP level 2. HP: 11/18 MP: 5/5
   816 | D:1      | Reached skill level 2 in Stealth
  1102 | D:2      | Learned a level 2 spell: Sticks to Snakes
  1207 | D:2      | Reached XP level 3. HP: 23/23 MP: 3/6
  1249 | D:2      | Noticed Sigmund
  1327 | D:2      | Learned a level 3 spell: Spider Form
  1565 | D:2      | Reached XP level 4. HP: 28/28 MP: 3/7
  1573 | D:2      | Reached skill level 3 in Stealth
  1657 | D:2      | Reached skill level 1 in Shields
  2044 | D:2      | Found a glowing silver altar of Zin.
  2045 | D:2      | Noticed an angel
  2084 | D:2      | Found a blossoming altar of Fedhas.
  2379 | D:3      | Reached XP level 5. HP: 23/33 MP: 6/8
  2477 | D:3      | Noticed a phantom
  2540 | D:3      | Reached skill level 4 in Unarmed Combat
  2847 | D:3      | Found a hide-covered altar of Uskayaw.
  2878 | D:3      | Slain by an orc priest

Illustrated notes

Levels and vault maps discovered:
D:1:      minmay_arrival_shattered_statue, layout_basic, nrook_campfire
D:2:      layout_rooms, zin_angel, fedhas_ov_isle_minmay, uniq_sigmund
D:3:      layout_basic, nicolae_overflow_hidden_temple,
          eat_drink_and_be_merry_uskayaw

Skill      XL: |  1  2  3  4  5 |
---------------+----------------+-----
Stealth        | 1 2 3 |  3.6
Shields        | 1 |  1.5
Unarmed Combat | 4 |  4.0
Fighting       | |  1.0
Dodging        | |  2.0
Spellcasting   | |  2.0
Transmutations | |  2.9

Action                   |  1- 3 |  4- 6 || total
-------------------------+-------+-------++-------
Melee: Unarmed           |    53 |    48 ||   101
       Constrict         |     9 |    15 ||    24
       Tentacles         |     5 |     7 ||    12
       Kick              |     1 |     7 ||     8
       Punch             |       |     2 ||     2
Throw: Stone             |     2 |       ||     2
 Cast: Sticks to Snakes  |     3 |     6 ||     9
       Beastly Appendage |     2 |     6 ||     8
  Use: Potion            |       |     5 ||     5
       Scroll            |       |     3 ||     3
 Stab: Sleeping          |     3 |     5 ||     8
       Distracted        |       |     1 ||     1
  Eat: Chunk             |     2 |     4 ||     6
Armor: Skin              |     6 |     6 ||    12
Dodge: Dodged            |    31 |    42 ||    73
Block: Buckler           |       |     8 ||     8
